cohdb
Replays
Latest Replays
All Replays
Popular Replays
Top Player Replays
Match Explorer
How It Works
Community
CoH3 Stats
Reddit
Sign in to upload your games and track your stats! →
Sign in with Steam
Match 45388243
Unlisted
Match 45388243
Overview
Messages
Build Orders
End
Construct Infanterie Kompanie
Kettenkrad Recon Vehicle
MG 42 Machine Gun Team
Grenadier Squad
Grenadier Squad
Construct Panzergrenadier Kompanie
Panzergrenadier Squad
Pak 40 Anti-tank Gun Team
Support Elements
StuG III G Assault Gun
Nebelwerfer 42 Rocket Launcher Team
StuG III G Assault Gun
Medical Bunker
Side Skirts
Panzergrenadier Officer Quarters
Construct Panzer Kompanie
Cornflake
76561199422939045
GUIDED
Jazzzzy
Popcorn
petrion
0
0
Comments
sign in to comment!
No comments posted yet!